cohdb
Replays
Latest Replays
All Replays
Popular Replays
Top Player Replays
Match Explorer
How It Works
Community
CoH3 Stats
Reddit
Sign in to upload your games and track your stats! →
Sign in with Steam
Match 37419620
Unlisted
Match 37419620
Overview
Messages
Build Orders
End
Construct Barracks
Selects Advanced Infantry Battlegroup
Selects Advanced Infantry Battlegroup
Engineer Squad
Riflemen Squad
Riflemen Squad
Construct Weapon Support Center
M1919 Machine Gun Team
Selects Ammunition Storage
Selects Convert to Ranger Squad
Bazooka Squad
Riflemen Squad
Air Support Center
Selects Frontline Medical Station
Grasshopper Recon Run
P-47 Strafing Run
Frontline Medical Station
Construct Motor Pool
Grasshopper Recon Run
P-47 Strafing Run
M1 Anti-tank Gun Team
Double Sortie
Grasshopper Recon Run
P-47 Strafing Run
Selects M2A1 105mm Howitzer Emplacement
P-47 Strafing Run
P-47 Dive Bomb
Grasshopper Recon Run
P-47 Strafing Run
Selects 155mm Rapid Artillery Barrage
P-47 Dive Bomb
Grasshopper Recon Run
M1918 Browning Automatic Rifles
Grenade Package
Engineer Squad
Improved M9 Bazooka Rockets
Grasshopper Recon Run
P-47 Strafing Run
Selects Infantry Assault
Engineer Squad
Grasshopper Recon Run
Engineer Squad
Infantry Assault
Construct Tank Depot
P-47 Strafing Run
Grasshopper Recon Run
EndState
TidaL
[TW]S.C.
[BNDA] CroSS95
Dr. CoH
Eekay
QuantumLove
武统台湾
0
0
Comments
sign in to comment!
No comments posted yet!